 Dungeon Crawl Stone Soup version 0.29.0-11-gd7f09526c8 (webtiles) character file.

Game seed: 6772620657429967803

137 Zeldest the Grave Robber (level 5, -1/57 (63) HPs)
             Began as a Naga Necromancer on Sept 6, 2022.
             Slain by a necrophage (2 damage)
             ... on level 3 of the Dungeon.
             The game lasted 00:09:07 (1087 turns).

Zeldest the Grave Robber (Naga Necromancer)         Turns: 1087, Time: 00:09:07

HP:   -1/57 (63)    AC: 22    Str:  9    XL:     5   Next: 20%
MP:   10/10         EV:  1    Int: 17    God:
Gold: 84            SH:  0    Dex: 11    Spells: 6/10 levels left

rFire   . . .      SeeInvis +   c - +1 hand axe
rCold   . . .      Faith    .   (no shield)
rNeg    + . .      Spirit   .   (body armour currently unavailable)
rPois   +          Reflect  .   (helmet currently unavailable)
rElec   .          Harm     .   (cloak currently unavailable)
rCorr   .          Rampage  .   (gloves currently unavailable)
Will    .....      NoTele   +   (no barding)
Stlth   ++........              (no amulet)
HPRegen 0.19/turn               o - ring of positive energy
MPRegen 0.12/turn               (no ring)

@: mighty, brilliant, tree-form, drained
A: stationary, stasis, torment immunity, boosted hp, AC +1, large, see
invisible, (deformed body), (poison resistance), (slowness 2), spit poison 1,
(naga tail 1), mutation resistance 1, weak 1
a: Spit Poison


You were on level 3 of the Dungeon.
You were a tree.
You visited 1 branch of the dungeon, and saw 3 of its levels.

You collected 84 gold pieces.

Inventory:

Hand Weapons
 c - a +1 hand axe (weapon)
Armour
 a - a +1 robe (melded)
Jewellery
 o - a ring of positive energy (left branch)
Scrolls
 h - 2 scrolls of enchant armour
 j - a scroll of enchant weapon
 l - a scroll of noise
Potions
 g - a potion of cancellation
 m - a potion of lignification
 n - a potion of might
 p - 2 potions of haste {unknown}


   Skills:
 - Level 1.5 Dodging
 - Level 3.0 Stealth
 + Level 3.4 Spellcasting
 + Level 5.1 Necromancy
 + Level 2.2 Poison Magic


You had 6 spell levels left.
You knew the following spells:

 Your Spells              Type           Power      Damage    Failure   Level
a - Necrotise             Necr           100%       1d9       1%          1
b - Vampiric Draining     Necr           30%        2d8       6%          3

Your spell library contained the following spells:

 Spells                   Type           Power      Damage    Failure   Level
 Poisonous Vapours        Pois/Air       20%        N/A       16%         2
 Beastly Appendage        Tmut           8%         N/A       17%         1
 Animate Dead             Necr           30%        N/A       21%         4
 Wereblood                Tmut           4%         N/A       26%         2
 Spider Form              Tmut/Pois      10%        N/A       32%         3
 Agony                    Necr           30%        N/A       50%         5
 Corpse Rot               Necr/Pois/Air  16%        N/A       52%         4


Dungeon Overview and Level Annotations

Branches:
Dungeon (3/15) Zot: 16532

Altars:
Ru
Zin


Innate Abilities, Weirdness & Mutations

You are a tree.
Your roots penetrate the ground, keeping you stationary.
You cannot be teleported.
You are immune to unholy pain and torment.
Your maximum health is greatly increased.
Your equipment is partially melded.
((Your serpentine skin is tough. (AC +1)))
You have supernaturally acute eyesight. (SInv)
((Armour fits poorly on your strangely shaped body.))
((Your system is resistant to poisons. (rPois)))
((You cover ground very slowly.))
You can spit poison.
((You have a snake-like lower body.))
You are somewhat resistant to further mutation.
You are weak. (Str -2)


Message History

Okay, then.
It was a potion of attraction.
You feel attractive to monsters.
Your hobgoblin skeleton closely misses the necrophage.
The orc hits your hobgoblin skeleton with a +0 hand axe.
Your hobgoblin skeleton is destroyed!
The necrophage hits you.
* * * LOW HITPOINT WARNING * * *
It was a potion of cancellation.
Your magical effects are unravelling.
You feel magically purged. The necrophage barely misses you.
You feel less attractive to monsters.
It was a potion of curing.
You feel better. The orc barely misses you. The necrophage hits you.
You partially resist.
You feel drained.
It was a potion of flight.
You feel very buoyant.
You fly up into the air.
The orc hits you with a +0 hand axe!
* * * LOW HITPOINT WARNING * * *
The necrophage hits you.
* * * LOW HITPOINT WARNING * * *
You partially resist.
You feel drained.
It was a potion of mutation.
You feel extremely strange.
You feel weaker.
You feel genetically stable. The orc closely misses you.
The necrophage barely misses you.
It was a potion of brilliance.
You feel clever all of a sudden. The orc hits you with a +0 hand axe.
* * * LOW HITPOINT WARNING * * *
The necrophage hits you but does no damage.
It was a potion of lignification.
You turn into a tree.
Your +1 robe melds into your body.
Your roots penetrate the ground.
The orc hits you but does no damage. The necrophage hits you.
* * * LOW HITPOINT WARNING * * *
You partially resist.
You feel drained.
It was a potion of might.
You feel very mighty all of a sudden. The orc hits you with a +0 hand axe.
* * * LOW HITPOINT WARNING * * *
The necrophage hits you.
You die...

# #. +.. #.#... ###+### ..
#.#.... #.....# #.
#.##....#.....# .###.#
#...'.....+
..##.####..#.o...#
#.##.#.### #.n♣..#
#.##.#..## ###'###
###.##.'...###.....##
.......#....###.....##
#......#.....###.....##
##...#.##....^###.....##
...#.#.###.....###.....#
#..#.#.#####'#######'####...
##.#........................


You could see a necrophage and an orc.

Vanquished Creatures
  2 orc wizards (D:3)
  2 adders (D:3)
  4 dart slugs (D:1)
  An orc (D:3)
  7 ball pythons
  3 bats
  2 endoplasms
  A giant cockroach (D:1)
  3 goblins
  6 hobgoblins
  2 jackals (D:2)
  5 kobolds
  5 quokkas
  2 frilled lizards (D:1)
  4 rats
49 creatures vanquished.

Vanquished Creatures (collateral kills)
  An orc (D:3)
  A ball python (D:1)
  A bat (D:3)
  2 endoplasms
  A goblin (D:1)
  A rat (D:1)
7 creatures vanquished.

Grand Total: 56 creatures vanquished

Notes
Turn   | Place    | Note
-------+----------+-------------------------------------------
     0 | D:1      | Zeldest the Naga Necromancer began the quest for the Orb.
     0 | D:1      | Reached XP level 1. HP: 15/15 MP: 3/3
   123 | D:1      | Reached XP level 2. HP: 16/22 MP: 1/5
   256 | D:1      | Reached XP level 3. HP: 6/28 MP: 4/7
   260 | D:1      | Learned a level 3 spell: Vampiric Draining
   852 | D:3      | Reached XP level 4. HP: 36/36 MP: 4/8
   886 | D:3      | Found a sacrificial altar of Ru.
   892 | D:3      | Reached skill level 1 in Poison Magic
   973 | D:3      | Reached skill level 5 in Necromancy
   985 | D:3      | Reached XP level 5. HP: 9/42 MP: 5/10
   986 | D:3      | Found a glowing silver altar of Zin.
  1084 | D:3      | Gained mutation: You are weak. (Str -2) [potion of
                  | mutation]
  1084 | D:3      | Gained mutation: You are somewhat resistant to further
                  | mutation. [potion of mutation]
  1086 | D:3      | HP: 2/58 [necrophage (2)]
  1087 | D:3      | Slain by a necrophage

Illustrated notes

Levels and vault maps discovered:
D:1:      saegor_arrival_simple_a, layout_basic
D:2:      layout_loops_cross, kennysheep_generic_room_9
D:3:      layout_rooms, mainiacjoe_overflow_concentric_impassable,
          nicolae_ru_awakened_eye, minmay_quadrilaterals

Skill      XL: |  1  2  3  4 |
---------------+-------------+-----
Spellcasting   | 3 |  3.4
Poison Magic   | 2 |  2.2
Necromancy     | 5 |  5.1
Dodging        | |  1.5
Stealth        | |  3.0

Action                   |  1- 3 |  4- 6 || total
-------------------------+-------+-------++-------
Melee: Hand axe          |    17 |    23 ||    40
 Cast: Necrotise         |    36 |    12 ||    48
       Vampiric Draining |     1 |     5 ||     6
 Abil: Spit Poison       |    20 |     1 ||    21
  Use: Potion            |       |     9 ||     9
       Scroll            |       |     3 ||     3
Armor: Robe              |     4 |    12 ||    16
       Skin              |       |     1 ||     1
Dodge: Dodged            |    16 |    25 ||    41
